 Dungeon Crawl Stone Soup version 0.28.0-45-g0d030f2227 (webtiles) character file.

Game seed: 14590451562522575151

87 H0rd4k the Magician (level 4, -7/24 HPs)
             Began as a Deep Elf Hedge Wizard on Apr 21, 2022.
             Mangled by a wyvern zombie (8 damage)
             ... on level 3 of the Dungeon.
             The game lasted 00:01:40 (2879 turns).

H0rd4k the Magician (Deep Elf Hedge Wizard)         Turns: 2879, Time: 00:01:41

Health: -7/24      AC:  2    Str:  7    XL:     4   Next: 28%
Magic:  8/14       EV: 12    Int: 21    God:
Gold:   38         SH:  0    Dex: 14    Spells: 6/15 levels left

rFire   . . .      SeeInvis .   a - +0 dagger
rCold   + . .      Faith    +   (no shield)
rNeg    . . .      Spirit   .   b - +0 robe
rPois   .          Reflect  .   c - +0 hat
rElec   .          Harm     .   (no cloak)
rCorr   .          Rampage  .   (no gloves)
Will    .....                   (no boots)
Stlth   +.........              e - amulet of faith
HPRegen 0.08/turn               g - ring of protection from cold
MPRegen 0.14/turn               (no ring)

@: confused
A: no striking features
a: no special abilities


You were on level 3 of the Dungeon.
You visited 1 branch of the dungeon, and saw 3 of its levels.

You collected 38 gold pieces.

Inventory:

Hand Weapons
 a - a +0 dagger (weapon)
Armour
 b - a +0 robe (worn)
 c - a +0 hat (worn)
Jewellery
 e - an amulet of faith (around neck)
 g - a ring of protection from cold (left hand)
Scrolls
 d - a scroll of identify {unknown}
 h - a scroll of immolation {unknown}
 i - 3 scrolls of acquirement {unknown}
Potions
 f - a potion of degeneration {unknown}


   Skills:
 + Level 2.6 Dodging
 - Level 2.4 Stealth
 + Level 6.3 Spellcasting
 + Level 2.0 Conjurations
 + Level 1.1 Summonings
 + Level 1.1 Translocations
 * Level 0.4 Fire Magic
 * Level 0.3 Air Magic
 * Level 0.4 Poison Magic


You had 6 spell levels left.
You knew the following spells:

 Your Spells              Type           Power      Damage    Failure   Level
a - Magic Dart            Conj           60%        1d6       4%          1
b - Blink                 Tloc           22%        N/A       9%          2
c - Conjure Flame         Conj/Fire      11%        6-21      17%         3
d - Mephitic Cloud        Conj/Pois/Air  10%        N/A       19%         3

Your spell library contained the following spells:

 Spells                   Type           Power      Damage    Failure   Level
 Call Imp                 Summ           11%        N/A       9%          2
 Slow                     Hex            24%        N/A       10%         1


Dungeon Overview and Level Annotations

Branches:
Dungeon (3/15)

Altars:

Shops:
D:2 *


Message History

You can't see any susceptible monsters within range! (Use Z to cast anyway.)
You can't see any susceptible monsters within range! (Use Z to cast anyway.)
A wyvern zombie comes into view.
A wyvern zombie is nearby!
A wyvern zombie is nearby!
The magic dart hits the wyvern zombie.
The wyvern zombie is lightly damaged.
An orc wizard comes into view. It is wielding a +0 dagger.
The magic dart hits the orc wizard.
The orc wizard is lightly wounded.
The orc wizard shouts!
You hear a shout!
Casting: Magic Dart (safe; 4% risk of failure)
Confirm with . or Enter, or press ? or * to list all spells.
The spell is extremely dangerous to miscast (17% risk of failure)!
Continue anyway? [Y]es or [N]o only, please.
The spell is extremely dangerous to miscast (17% risk of failure)!
Continue anyway?
The fire begins to smoulder!
The fire ignites!
The magic dart hits the orc wizard.
The orc wizard is moderately wounded.
The orc wizard casts a spell at you.
You are confused.
You're too confused to cast spells.
The wyvern zombie is engulfed in blazing flames.
The wyvern zombie bites you!
Ouch! That really hurt!
You feel less confused.
The wyvern zombie is engulfed in blazing flames.
The wyvern zombie barely misses you. The wyvern zombie closely misses you.
The wyvern zombie bites you!
* * * LOW HITPOINT WARNING * * *
The orc wizard casts a spell.
The orc wizard flickers and vanishes!
Deactivating autopickup; reactivate with Ctrl-A.
You are confused.
Something tries to affect you, but you resist.
The wyvern zombie closely misses you.
There is a stone staircase leading up here.
The wyvern zombie bites you!
You die...

.. #.# .. #.# #.
#.# .# #. #.###
#.# #. #.#.. ...
#. #.#.#####.#
#)##.#...@...#
#....#...Z.###
#..#.........#
#..#.#.......#
#..#....#######
#..#.#.........
...#.#.<.......
##g##.#.........
#. #.#.........


You could see a wyvern zombie.

Vanquished Creatures
  A centaur skeleton (D:3)
  2 adders (D:2)
  A dart slug (D:2)
  An orc (D:3)
  An endoplasm (D:3)
  A giant cockroach (D:3)
  3 goblins
  7 hobgoblins
  5 kobolds
  3 quokkas
  2 ball pythons
  3 bats
  2 frilled lizards
  3 rats
35 creatures vanquished.

Notes
Turn   | Place    | Note
-------+----------+-------------------------------------------
     0 | D:1      | H0rd4k the Deep Elf Hedge Wizard began the quest for the
                  | Orb.
     0 | D:1      | Reached XP level 1. HP: 10/10 MP: 7/7
   574 | D:1      | Reached skill level 5 in Spellcasting
   607 | D:1      | Reached XP level 2. HP: 1/15 MP: 0/10
  1598 | D:2      | Found Exisuach's Assorted Antiques.
  1710 | D:2      | Reached XP level 3. HP: 19/19 MP: 6/12
  1713 | D:2      | Learned a level 2 spell: Blink
  1717 | D:2      | Learned a level 3 spell: Conjure Flame
  1721 | D:2      | Learned a level 3 spell: Mephitic Cloud
  2176 | D:2      | Reached skill level 6 in Spellcasting
  2535 | D:3      | Reached XP level 4. HP: 2/24 MP: 2/14
  2875 | D:3      | HP: 1/24 [wyvern zombie (8)]
  2879 | D:3      | Mangled by a wyvern zombie

Illustrated notes

Levels and vault maps discovered:
D:1:      lightli_arrival_lavapool, layout_loops_ring,
          amcnicky_mini_rare_corridor_liquid
D:2:      layout_basic, serial_shops, shop_fountains, minivault_19
D:3:      layout_basic, serial_shops, shop, shop, nicolae_shop_crystal,
          ebering_ecumenical_altar_webs, kennysheep_generic_room_2, uniq_terence

Skill      XL: |  1  2  3  4 |
---------------+-------------+-----
Spellcasting   | 5 6 |  6.3
Conjurations   | 2 |  2.0
Dodging        | |  2.6
Stealth        | |  2.4
Summonings     | |  1.1
Translocations | |  1.1
Fire Magic     | |  0.4
Air Magic      | |  0.3
Poison Magic   | |  0.4

Action                   |  1- 3 |  4- 6 || total
-------------------------+-------+-------++-------
 Cast: Magic Dart        |    86 |    11 ||    97
       Conjure Flame     |       |     1 ||     1
Armor: Robe              |     5 |       ||     5
Dodge: Dodged            |    12 |     9 ||    21
